 Dungeon Crawl Stone Soup version 0.26-a0-757-g626ac9e51a (webtiles) character file.

Game seed: 15993477441555414310

20 miscthings the Sneak (level 2, -1/27 HPs)
             Began as a Palentonga Delver on Nov 8, 2020.
             Slain by an orc
             ... wielding a +0 hand axe
              (8 damage)
             ... on level 4 of the Dungeon.
             The game lasted 00:00:33 (228 turns).

miscthings the Sneak (Palentonga Delver)             Turns: 228, Time: 00:00:34

Health: -1/27      AC:  4    Str: 15    XL:     2   Next: 58%
Magic:  2/2        EV:  9    Int: 10    God:
Gold:   19         SH:  0    Dex: 11    Spells: 1/1 levels left

rFire    . . .     SeeInvis +   a - +0 hand axe
rCold    . . .     Faith    .   (no shield)
rNeg     . . .     Spirit   .   b - +0 leather armour
rPois    .         Reflect  .   (no helmet)
rElec    .         Harm     .   (no cloak)
rCorr    .         Rampage  .   (no gloves)
MR       .....                  (no barding)
Stlth    ++........             (no amulet)
HPRegen  0.09/turn              (no ring)
MPRegen  0.08/turn              (no ring)

@: lethally poisoned (-1 -> -9)
A: large, rugged brown scales 3, see invisible, deformed body, roll, armoured
tail
a: Rolling Charge


You were on level 4 of the Dungeon.
You visited 1 branch of the dungeon, and saw 2 of its levels.

You collected 19 gold pieces.

Inventory:

Hand Weapons
 a - a +0 hand axe (weapon)
Armour
 b - a +0 leather armour (worn)
Wands
 g - a wand of digging (3)
Scrolls
 c - a scroll of fog
 d - a scroll of magic mapping
 e - a scroll of fear
 h - a scroll of remove curse {unknown}
Potions
 f - a potion of haste
 i - a potion of heal wounds {unknown}


   Skills:
 - Level 3.0 Fighting
 + Level 3.2 Axes
 - Level 1.5 Dodging
 - Level 3.3 Stealth


You had one spell level left.
You didn't know any spells.
Your spell library was empty.

Dungeon Overview and Level Annotations

Branches:
Dungeon (5/15)
 Temple: D:4-7

Altars:


Innate Abilities, Weirdness & Mutations

You are completely covered in rugged brown scales. (AC +3, +7% HP)
You have supernaturally acute eyesight. (SInv)
Armour fits poorly on your strangely shaped body.
You can roll at foes to attack.
You have a long armoured tail.


Message History

You are more poisoned.
The adder poisons you!
You hit the adder.
The adder is lightly wounded.
You hit the orc but do no damage.
You feel sick. The adder bites you but does no damage.
You hit the adder. You tail-slap the adder.
The adder is almost dead.
You hit the orc but do no damage. You barely miss the orc.
You feel sick. The adder bites you but does no damage.
The orc barely misses you. The adder barely misses you.
The orc hits you but does no damage. The orc hits you with a +0 hand axe.
You miss the adder.
The adder is almost dead.
You hit the orc. x3; You feel sick. The adder bites you.
* * * LOW HITPOINT WARNING * * *
The orc closely misses you. The orc hits you with a +0 dagger.
* * * LOW HITPOINT WARNING * * *
The orc hits you with a +0 hand axe!
You die...

.. ... .. ....
..##+##+#####....
.................
.................
.........oo......
........S@oo.....
###..†.####.... #....#
. #....# .... #..?.#
.. .... +....#
.####..###+#....####.
....#..##............#
....#...#............#


You could see an adder and 4 orcs.

Vanquished Creatures
  A hound skeleton (D:5)
  An orc (D:4)
  A giant cockroach (D:4)
  2 quokkas (D:4)
  A frilled lizard (D:5)
6 creatures vanquished.

Notes
Turn   | Place    | Note
-------+----------+-------------------------------------------
     0 | D:5      | miscthings the Palentonga Delver began the quest for the
                  | Orb.
     0 | D:5      | Reached XP level 1. HP: 20/20 MP: 1/1
    19 | D:5      | Reached XP level 2. HP: 20/27 MP: 2/2
   228 | D:4      | Slain by an orc

Illustrated notes

Levels and vault maps discovered:
D:4:      layout_gridville, uniq_ijyb
D:5:      layout_cave_pods, minitemple

Skill      XL: |  1 |
---------------+----+-----
Axes           | 3 |  3.2
Fighting       | |  3.0
Dodging        | |  1.5
Stealth        | |  3.3

Action                   || total
-------------------------++-------
Melee: Hand axe          ||    19
       Tailslap          ||     4
 Abil: Rolling Charge    ||     2
Armor: Leather armour    ||     6
Dodge: Dodged            ||     9

Table legend: (Time is in decaauts)
 A = Elapsed time spent in this place.
 B = Non-inter-level travel time spent in this place.
 C = Inter-level travel time spent in this place.
 D = Time resting spent in this place.
 E = Time spent auto-exploring this place.
 F = Levels seen in this place.
 G = Mean time per level.
                   A        B        C        D        E       F      G
               +--------+--------+--------+--------+--------+-----+--------+
         Total |    230 |    215 |     15 |    117 |     47 |   2 |  115.0 |
       Dungeon |    230 |    215 |     15 |    117 |     47 |   2 |  115.0 |
               +--------+--------+--------+--------+--------+-----+--------+

Top non-repeatable levels by time:
     D:5: 194 daAuts
     D:4: 36 daAuts
